 Dungeon Crawl Stone Soup version 0.29-a0-384-g6960b1960d (webtiles) character file.

Game seed: 14286625787059559227

121 Antichthon the Covered (level 5, -2/33 HPs)
             Began as a Gargoyle Fighter on May 6, 2022.
             Slain by an orc
             ... wielding a +0 war axe
              (7 damage)
             ... on level 3 of the Dungeon.
             The game lasted 00:03:21 (2214 turns).

Antichthon the Covered (Gargoyle Fighter)           Turns: 2214, Time: 00:03:22

Health: -2/33      AC: 15    Str: 19    XL:     5   Next: 5%
Magic:  5/5        EV:  9    Int: 17    God:
Gold:   142        SH:  4    Dex:  9    Spells: 4/4 levels left

rFire   . . .      SeeInvis .   a - +0 flail
rCold   + . .      Faith    .   c - +0 buckler
rNeg    + . .      Spirit   .   b - +0 scale mail
rPois   ∞          Reflect  .   (no helmet)
rElec   +          Harm     .   i - scarf {repulsion}
rCorr   .          Rampage  ∞   (no gloves)
Will    .....                   e - +3 pair of seven-league boots {Rampage+∞}
Stlth   ..........              (no amulet)
HPRegen 0.11/turn               g - +6 ring of intelligence
MPRegen 0.09/turn               h - ring of protection from cold

@: repel missiles
A: sickness immunity, AC +4, negative energy resistance 1, electricity
resistance, torment resistance 1, petrification resistance
a: no special abilities


You were on level 3 of the Dungeon.
You visited 1 branch of the dungeon, and saw 3 of its levels.

You collected 142 gold pieces.

Inventory:

Hand Weapons
 a - a +0 flail (weapon)
Armour
 b - a +0 scale mail (worn)
 c - a +0 buckler (worn)
 e - the +3 pair of seven-league boots (worn) {Rampage+∞}
   (You acquired it on level 1 of the Dungeon)

   Its wearer moves as far as possible in that direction when moving towards
   enemies.
 i - a scarf of repulsion (worn)
Jewellery
 g - a +6 ring of intelligence (left hand)
 h - a ring of protection from cold (right hand)
Wands
 d - a wand of flame (11)
Scrolls
 f - 3 scrolls of immolation
 j - a scroll of blinking {unknown}
 k - a scroll of fear {unknown}


   Skills:
 * Level 3.9 Fighting
 * Level 3.2 Maces & Flails
 * Level 4.0 Armour
 * Level 0.7 Dodging
 * Level 3.7 Shields
 * Level 1.1 Invocations


You had 4 spell levels left.
You didn't know any spells.
Your spell library contained the following spells:

 Spells                   Type           Power      Damage    Failure   Level
 Call Canine Familiar     Summ           0%         N/A       95%         3
 Portal Projectile        Hex/Tloc       0%         N/A       95%         3
 Leda's Liquefaction      Hex/Erth       0%         N/A       100%        4


Dungeon Overview and Level Annotations

Branches:
Dungeon (3/15)

Altars:

Annotations:
D:2 1 runed translucent door, Crazy Yiuf


Innate Abilities, Weirdness & Mutations

You are immune to sickness and miasma.
Your stone body is resilient. (AC +4)
You are immune to poison.
You resist negative energy. (rN+)
You are resistant to electric shocks. (rElec)
You are resistant to unholy torment.
You are immune to petrification.


Message History

You stride towards the orc!
You completely miss the orc.
You hear some strange, mumbled words.
Something tries to affect you, but you resist.
You hit the orc.
The orc is moderately wounded.
The orc hits you but does no damage. Something hits you but does no damage.
The orc hits you but does no damage.
You closely miss the orc.
The orc is moderately wounded.
The orc barely misses you. Something hits you but does no damage.
The orc hits you but does no damage. You block the orc's attack.
Something hits you but does no damage. You block the orc's attack.
You hit the orc.
The orc is severely wounded.
The orc hits you but does no damage. Something hits you but does no damage.
The orc hits you but does no damage.
You miss something. The orc hits you but does no damage. Something hits you.
* * * LOW HITPOINT WARNING * * *
The orc hits you but does no damage.
You barely miss the orc.
The orc is severely wounded.
You block the orc's attack. Something hits you but does no damage.
The orc hits you but does no damage. You block the orc's attack.
The orc completely misses you. Something hits you but does no damage.
You barely miss the orc.
The orc is severely wounded.
The orc hits you but does no damage.
You hear some strange, mumbled words.
A puff of flame appears from out of thin air!
The puff of flame hits you.
* * * LOW HITPOINT WARNING * * *
The orc hits you but does no damage.
You thump the orc!
You kill the orc!
You block the orc's attack. Something hits you but does no damage.
Unknown command.
You hit the orc.
The orc is almost dead.
The orc hits you with a +0 war axe!
You die...

.....##.##.#
###..≈≈≈≈≈≈≈#
#......≈≈≈.#
#.......≈..# #...#
#oo## ... #.## #.#
#.######### #.#
#.)o@{....#
#.###.##o####.#
#.##≈.≈≈≈.≈≈#
#.###.≈.≈≈≈.≈
#.###....≈≈..#
#########..#≈≈.≈≈≈##..#
...........≈≈≈≈.≈..≈≈.#
#############≈≈.#≈.≈..#
# ..≈≈≈≈≈.♣


You could see 2 orcs.

Vanquished Creatures
  Jessica (D:2)
  Terence (D:2)
  An orc wizard (D:3)
  2 dart slugs
  5 orcs (D:3)
  6 bats
  4 endoplasms
  4 goblins
  2 hobgoblins
  2 quokkas
  3 ball pythons
  4 frilled lizards (D:2)
  3 kobolds
  2 rats
40 creatures vanquished.

Notes
Turn   | Place    | Note
-------+----------+-------------------------------------------
     0 | D:1      | Antichthon the Gargoyle Fighter began the quest for the
                  | Orb.
     0 | D:1      | Reached XP level 1. HP: 14/14 MP: 1/1
   382 | D:1      | Reached XP level 2. HP: 19/19 MP: 2/2
   740 | D:1      | Identified a scroll of acquirement
   740 | D:1      | Acquired the +3 pair of seven-league boots {Rampage+∞}
   740 | D:1      | Found the +3 pair of seven-league boots {Rampage+∞}
   756 | D:2      | Noticed Jessica
   766 | D:2      | Killed Jessica
   767 | D:2      | Reached XP level 3. HP: 2/24 MP: 3/3
  1049 | D:2      | Found a faded altar of an unknown god.
  1075 | D:2      | Noticed Terence
  1086 | D:2      | Killed Terence
  1087 | D:2      | Reached XP level 4. HP: 24/29 MP: 4/4
  1257 | D:2      | Found a runed translucent door.
  1258 | D:2      | Noticed Crazy Yiuf
  1285 | D:2      | Reached skill level 1 in Invocations
  1997 | D:3      | Reached skill level 4 in Armour
  2002 | D:3      | Reached XP level 5. HP: 23/33 MP: 5/5
  2214 | D:3      | Slain by an orc

Illustrated notes

Levels and vault maps discovered:
D:1:      minmay_arrival_open_corners, layout_loops_cross
D:2:      layout_rooms, hellmonk_ecumenical_altar_blasted,
          minmay_misc_feat_ornament, roderic_serpentine_path,
          minmay_misc_feat_x, uniq_jessica, uniq_terence,
          uniq_crazy_yiuf_cottage
D:3:      layout_loops_ring, serial_rivers, chequers_serial_rivers_small_a,
          chequers_serial_rivers_micro_e, chequers_serial_rivers_marsh,
          chequers_serial_rivers_small_b, chequers_serial_rivers_large_a,
          mrwooster_statue_mirror

Skill      XL: |  1  2  3  4 |
---------------+-------------+-----
Invocations    | 1 |  1.1
Maces & Flails | 3 |  3.2
Armour         | 4 |  4.0
Fighting       | |  3.9
Dodging        | |  0.7
Shields        | |  3.7

Action                   |  1- 3 |  4- 6 || total
-------------------------+-------+-------++-------
Melee: Flail             |    49 |   109 ||   158
  Use: Scroll            |     2 |     1 ||     3
       Potion            |     1 |       ||     1
Armor: Scale mail        |    42 |    88 ||   130
Dodge: Dodged            |    23 |    56 ||    79
       Repelled          |       |     1 ||     1
Block: Buckler           |    12 |    26 ||    38

Table legend: (Time is in decaauts)
 A = Elapsed time spent in this place.
 B = Non-inter-level travel time spent in this place.
 C = Inter-level travel time spent in this place.
 D = Time resting spent in this place.
 E = Time spent auto-exploring this place.
 F = Levels seen in this place.
 G = Mean time per level.
                   A        B        C        D        E       F      G
               +--------+--------+--------+--------+--------+-----+--------+
         Total |   2267 |   2221 |     46 |    262 |   1551 |   3 |  755.7 |
       Dungeon |   2267 |   2221 |     46 |    262 |   1551 |   3 |  755.7 |
               +--------+--------+--------+--------+--------+-----+--------+

Top non-repeatable levels by time:
     D:1: 1028 daAuts
     D:2: 777 daAuts
     D:3: 461 daAuts
